[ AOE2 MATCH · #476253798 ]
Team RMCumans vs Muisca
[ REPLAY ANALYSIS · EXTRACTED FROM THE RECORDED GAME ]
Feudal
12:00
Castle
24:41
Imperial
40:35
| APM avg | 21.5 |
| APM peak | 51 |
| eAPM avg | 14.3 |
| Villagers / military | 175 / 23 |
Focus
⚔️ 15.3% · 🌾 84.7%
Unknown (1260) ×15 · Kipchak ×7 · Trebuchet (Packed) ×5 · Knight ×4 · Mangonel ×4 · Battering Ram ×2
Feudal
10:33
Castle
21:44
Imperial
39:37
| APM avg | 17.0 |
| APM peak | 67 |
| eAPM avg | 13.4 |
| Villagers / military | 122 / 160 |
Focus
⚔️ 27.4% · 🌾 72.6%
Throwing Axeman ×93 · Knight ×48 · Unknown (1260) ×20 · Trebuchet (Packed) ×8 · Spearman ×5 · Scout Cavalry ×5
Feudal
12:09
Castle
30:36
Imperial
42:22
| APM avg | 33.6 |
| APM peak | 90 |
| eAPM avg | 16.6 |
| Villagers / military | 69 / 91 |
Focus
⚔️ 31.9% · 🌾 68.1%
Militia ×38 · Composite Bowman ×35 · Skirmisher ×7 · Spearman ×5 · Trebuchet (Packed) ×3 · Battering Ram ×2
Feudal
12:27
Castle
21:03
Imperial
40:44
| APM avg | 36.5 |
| APM peak | 61 |
| eAPM avg | 19.3 |
| Villagers / military | 143 / 207 |
Focus
⚔️ 33.3% · 🌾 66.7%
Scout Cavalry ×87 · Camel Scout ×43 · Janissary ×21 · Knight ×20 · Bombard Cannon ×16 · Hand Cannoneer ×12
Feudal
12:30
Castle
28:36
Imperial
37:50
| APM avg | 43.1 |
| APM peak | 85 |
| eAPM avg | 21.6 |
| Villagers / military | 165 / 91 |
Focus
⚔️ 33.4% · 🌾 66.6%
Archer ×77 · Unknown (2550) ×42 · Trebuchet (Packed) ×6 · Mangonel ×5 · Battering Ram ×2 · Monk ×1
Feudal
12:10
Castle
24:21
Imperial
36:50
| APM avg | 16.7 |
| APM peak | 106 |
| eAPM avg | 6.6 |
| Villagers / military | 60 / 32 |
Focus
⚔️ 26.3% · 🌾 73.7%
Archer ×22 · Unknown (1944) ×14 · Spearman ×10 · Trade Cart ×5
Match map
Initial resources + every placement click. Lines = walls · curves = elevation contours. ◆ gold · ⬟ stone · ● berries · ✦ relic · ◌ wall gap
Your base· Open — unwalled flank
Showcadit's base· Open — unwalled flank
DankMeme128's base· Open — unwalled flank
SteppenWolf Zulaci's base· Open — 2t gap
Odiseo's base· Open — unwalled flank
Chasqui's base· Open — unwalled flank
Smoothed initial terrain · ◌ = detected wall gap · hover for details
Inputs per minute
— normanxavier454 - - Showcadit
Build order — normanxavier454
First 150 of 355 actions detected
| 0:03 | Create | Villager (Male) ×4 |
| 0:04 | Create | Villager (Male) ×4 |
| 0:05 | Build | House |
| 0:08 | Build | House |
| 1:40 | Create | Villager (Male) |
| 2:06 | Create | Villager (Male) |
| 2:16 | Build | Mill |
| 2:35 | Create | Villager (Male) |
| 3:00 | Create | Villager (Male) |
| 3:01 | Create | Villager (Male) |
| 3:24 | Research | Loom |
| 3:35 | Build | House |
| 3:38 | Build | Mill |
| 4:00 | Create | Villager (Male) |
| 4:00 | Create | Villager (Male) |
| 4:25 | Build | Lumber Camp |
| 4:39 | Create | Villager (Male) |
| 5:01 | Create | Villager (Male) |
| 5:34 | Build | House |
| 5:37 | Create | Villager (Male) |
| 5:38 | Create | Villager (Male) |
| 5:45 | Build | House |
| 6:17 | Create | Villager (Male) |
| 6:28 | Create | Villager (Male) |
| 6:50 | Build | Palisade Wall |
| 6:55 | Create | Villager (Male) |
| 6:56 | Create | Villager (Male) |
| 7:02 | Create | Villager (Male) |
| 7:37 | Create | Villager (Male) |
| 7:47 | Build | House |
| 7:51 | Build | House |
| 8:03 | Build | Palisade Gate |
| 8:26 | Build | House |
| 8:29 | Build | House |
| 8:47 | Create | Villager (Male) |
| 9:07 | Create | Villager (Male) |
| 9:44 | Build | Mining Camp |
| 9:46 | Research | Feudal Age |
| 10:01 | Build | House |
| 10:06 | Build | House |
| 10:10 | Build | House |
| 10:14 | Build | Palisade Wall |
| 10:16 | Build | Palisade Wall |
| 10:25 | Build | Mill |
| 10:56 | Build | Palisade Wall |
| 11:33 | Create | Villager (Male) |
| 11:33 | Create | Villager (Male) |
| 11:34 | Create | Villager (Male) |
| 12:00 | Age | Feudal Age |
| 12:27 | Build | Town Center |
| 12:39 | Create | Villager (Male) |
| 12:46 | Research | Double-Bit Axe |
| 13:08 | Build | Palisade Wall |
| 13:09 | Build | Palisade Wall |
| 14:26 | Build | House |
| 14:30 | Create | Villager (Male) |
| 14:30 | Create | Villager (Male) |
| 14:31 | Create | Villager (Male) |
| 14:52 | Build | Mining Camp |
| 14:56 | Create | Villager (Male) |
| 15:18 | Create | Villager (Male) |
| 15:19 | Create | Villager (Male) |
| 15:29 | Build | Farm |
| 15:30 | Build | Farm |
| 15:30 | Build | Farm |
| 15:30 | Build | Farm |
| 15:33 | Build | Farm |
| 15:37 | Build | Farm |
| 16:03 | Build | Farm |
| 16:30 | Build | Watch Tower |
| 16:41 | Build | Blacksmith |
| 16:44 | Build | House |
| 16:57 | Build | House |
| 17:03 | Build | House |
| 17:07 | Build | Palisade Wall |
| 17:09 | Build | Palisade Wall |
| 17:12 | Create | Villager (Male) |
| 17:12 | Create | Villager (Male) |
| 17:18 | Build | Farm |
| 17:34 | Build | Farm |
| 18:10 | Create | Villager (Male) |
| 18:30 | Build | Watch Tower |
| 18:34 | Create | Villager (Male) |
| 18:34 | Create | Villager (Male) |
| 18:44 | Build | House |
| 18:50 | Build | Lumber Camp |
| 19:08 | Create | Villager (Male) ×2 |
| 19:17 | Build | Farm |
| 19:23 | Build | Farm |
| 19:28 | Build | Farm |
| 19:30 | Build | Farm |
| 19:49 | Create | Villager (Male) |
| 19:49 | Create | Villager (Male) |
| 19:49 | Create | Villager (Male) |
| 19:49 | Create | Villager (Male) |
| 20:01 | Build | Market |
| 20:27 | Create | Villager (Male) |
| 20:28 | Create | Villager (Male) |
| 20:28 | Create | Villager (Male) |
| 22:01 | Research | Castle Age |
| 22:13 | Build | Mining Camp |
| 22:14 | Create | Villager (Male) |
| 22:14 | Create | Villager (Male) |
| 22:15 | Create | Villager (Male) |
| 22:46 | Create | Villager (Male) ×3 |
| 24:41 | Age | Castle Age |
| 25:03 | Build | Castle |
| 25:11 | Build | Siege Workshop |
| 25:28 | Create | Villager (Male) |
| 25:28 | Create | Villager (Male) |
| 25:29 | Create | Villager (Male) |
| 25:38 | Research | Fletching |
| 25:48 | Create | Battering Ram |
| 26:01 | Build | Farm |
| 26:14 | Create | Mangonel |
| 26:19 | Create | Kipchak |
| 26:19 | Create | Kipchak |
| 26:21 | Create | Villager (Male) |
| 26:21 | Create | Villager (Male) |
| 26:21 | Create | Villager (Male) |
| 27:08 | Build | Farm |
| 27:08 | Build | Farm |
| 27:09 | Build | Farm |
| 27:09 | Build | Farm |
| 27:09 | Build | Farm |
| 27:09 | Build | Farm |
| 27:10 | Build | Farm |
| 27:17 | Create | Villager (Male) |
| 27:18 | Create | Villager (Male) |
| 27:18 | Create | Villager (Male) |
| 27:41 | Create | Mangonel |
| 27:51 | Create | Villager (Male) |
| 27:52 | Create | Villager (Male) |
| 27:52 | Create | Villager (Male) |
| 27:59 | Build | Town Center |
| 28:31 | Create | Villager (Male) |
| 28:31 | Create | Villager (Male) |
| 28:32 | Create | Villager (Male) |
| 28:36 | Build | Farm |
| 29:13 | Create | Villager (Male) |
| 29:13 | Create | Villager (Male) |
| 29:30 | Build | Farm |
| 29:30 | Build | Farm |
| 29:30 | Build | Farm |
| 29:30 | Build | Farm |
| 29:31 | Build | Farm |
| 29:31 | Build | Farm |
| 29:31 | Build | Farm |
| 29:31 | Build | Farm |
| 29:32 | Build | Farm |
Build order — Showcadit
First 150 of 363 actions detected
| 0:02 | Create | Villager (Male) |
| 0:02 | Research | Loom |
| 0:02 | Create | Villager (Male) |
| 0:03 | Create | Villager (Male) |
| 0:03 | Create | Villager (Male) |
| 0:07 | Build | House |
| 0:08 | Build | House |
| 1:41 | Create | Villager (Male) |
| 2:14 | Create | Villager (Male) |
| 2:39 | Create | Villager (Male) |
| 2:56 | Create | Villager (Male) |
| 3:03 | Build | Lumber Camp |
| 3:34 | Create | Villager (Male) |
| 4:01 | Create | Villager (Male) |
| 4:36 | Create | Villager (Male) |
| 4:38 | Create | Villager (Male) |
| 4:38 | Create | Villager (Male) |
| 5:15 | Create | Villager (Male) |
| 5:28 | Build | House |
| 5:48 | Build | Mill |
| 6:02 | Create | Villager (Male) |
| 6:02 | Create | Villager (Male) |
| 6:12 | Create | Villager (Male) |
| 6:12 | Create | Villager (Male) |
| 6:48 | Create | Villager (Male) |
| 6:49 | Create | Villager (Male) |
| 8:22 | Research | Feudal Age |
| 8:42 | Build | Barracks |
| 8:50 | Build | Barracks |
| 9:01 | Build | Mining Camp |
| 9:17 | Build | House |
| 9:50 | Create | Villager (Male) |
| 9:50 | Create | Villager (Male) |
| 9:50 | Create | Villager (Male) |
| 10:00 | Build | House |
| 10:33 | Age | Feudal Age |
| 10:40 | Build | Stable |
| 11:15 | Build | Farm |
| 11:15 | Build | Farm |
| 11:16 | Build | Farm |
| 11:16 | Build | Farm |
| 11:16 | Build | Farm |
| 11:32 | Create | Villager (Male) |
| 11:47 | Create | Scout Cavalry ×3 |
| 12:10 | Build | Blacksmith |
| 12:15 | Create | Villager (Male) |
| 12:22 | Build | Farm |
| 12:32 | Create | Villager (Male) |
| 12:50 | Build | Farm |
| 12:54 | Build | Farm |
| 12:59 | Build | Farm |
| 13:08 | Create | Villager (Male) |
| 13:17 | Create | Scout Cavalry |
| 13:30 | Build | House |
| 13:34 | Create | Villager (Male) |
| 13:40 | Build | Farm |
| 13:44 | Build | Farm |
| 13:50 | Build | Farm |
| 13:56 | Create | Scout Cavalry |
| 14:15 | Create | Villager (Male) |
| 14:20 | Build | Farm |
| 14:28 | Build | Farm |
| 14:34 | Build | Farm |
| 14:42 | Create | Villager (Male) |
| 14:47 | Build | Farm |
| 14:57 | Create | Villager (Male) |
| 15:05 | Build | House |
| 15:12 | Create | Villager (Male) |
| 15:33 | Build | Farm |
| 15:41 | Build | Farm |
| 15:43 | Build | Farm |
| 15:46 | Build | Farm |
| 16:01 | Research | Forging |
| 16:02 | Create | Villager (Male) |
| 16:15 | Build | Farm |
| 16:30 | Create | Villager (Male) |
| 16:42 | Build | Mining Camp |
| 16:48 | Create | Villager (Male) |
| 16:49 | Create | Villager (Male) |
| 17:38 | Create | Villager (Male) |
| 18:01 | Create | Villager (Male) |
| 18:38 | Create | Villager (Male) |
| 18:41 | Build | House |
| 19:04 | Research | Castle Age |
| 19:59 | Create | Villager (Male) |
| 20:02 | Create | Villager (Male) |
| 20:24 | Create | Villager (Male) |
| 21:02 | Research | Scale Mail Armor |
| 21:07 | Research | Scale Barding Armor |
| 21:44 | Age | Castle Age |
| 21:46 | Create | Villager (Male) |
| 21:50 | Create | Knight |
| 21:50 | Create | Knight |
| 22:06 | Build | Castle |
| 22:19 | Build | Stone Wall |
| 22:23 | Build | House |
| 22:26 | Build | House |
| 22:48 | Create | Villager (Male) |
| 23:40 | Build | Town Center |
| 23:48 | Create | Throwing Axeman |
| 23:49 | Create | Throwing Axeman ×5 |
| 24:00 | Build | Stone Wall |
| 24:07 | Build | Stone Wall |
| 24:08 | Build | Stone Wall |
| 24:25 | Build | House |
| 24:28 | Create | Villager (Male) |
| 24:28 | Create | Villager (Male) |
| 24:40 | Build | Town Center |
| 24:43 | Create | Villager (Male) |
| 24:58 | Create | Throwing Axeman |
| 25:02 | Create | Knight |
| 25:13 | Build | Market |
| 25:29 | Create | Throwing Axeman |
| 25:34 | Research | Scale Mail Armor |
| 25:46 | Research | Squires |
| 25:47 | Research | Gambesons |
| 25:57 | Create | Villager (Male) |
| 25:57 | Create | Villager (Male) |
| 25:58 | Create | Villager (Male) |
| 26:00 | Create | Villager (Male) |
| 26:01 | Create | Villager (Male) |
| 26:18 | Build | Lumber Camp |
| 26:40 | Create | Villager (Male) |
| 26:40 | Create | Villager (Male) |
| 26:41 | Create | Villager (Male) |
| 26:53 | Create | Knight |
| 26:56 | Create | Throwing Axeman ×4 |
| 27:47 | Create | Villager (Male) |
| 27:48 | Create | Villager (Male) |
| 27:48 | Create | Villager (Male) |
| 27:49 | Create | Villager (Male) |
| 27:50 | Create | Villager (Male) |
| 27:51 | Create | Villager (Male) |
| 27:52 | Create | Villager (Male) |
| 27:53 | Create | Villager (Male) |
| 27:53 | Create | Villager (Male) |
| 27:54 | Create | Villager (Male) |
| 27:55 | Create | Villager (Male) |
| 28:00 | Build | House |
| 28:01 | Build | House |
| 28:02 | Build | House |
| 28:02 | Build | House |
| 28:05 | Build | House |
| 28:05 | Build | House |
| 28:06 | Build | House |
| 28:08 | Build | House |
| 28:10 | Build | House |
| 28:11 | Build | House |
| 28:25 | Build | Farm |
| 28:28 | Create | Throwing Axeman ×5 |
Build order — DankMeme128
First 150 of 271 actions detected
| 0:04 | Build | House |
| 0:09 | Build | House |
| 0:10 | Create | Villager (Male) |
| 0:10 | Create | Villager (Male) |
| 0:10 | Create | Villager (Male) |
| 1:08 | Create | Villager (Male) |
| 1:36 | Create | Villager (Male) |
| 2:12 | Build | Mule Cart |
| 2:16 | Create | Villager (Male) |
| 2:42 | Create | Villager (Male) |
| 3:07 | Create | Villager (Male) |
| 3:36 | Create | Villager (Male) |
| 3:47 | Research | Loom |
| 4:17 | Create | Villager (Male) |
| 4:21 | Build | Mill |
| 4:30 | Create | Villager (Male) |
| 5:03 | Create | Villager (Male) |
| 5:27 | Create | Villager (Male) |
| 5:48 | Create | Villager (Male) |
| 6:16 | Build | House |
| 6:20 | Build | Mule Cart |
| 6:24 | Create | Villager (Male) |
| 6:53 | Create | Villager (Male) |
| 7:37 | Build | Mule Cart |
| 8:45 | Create | Villager (Male) |
| 9:12 | Create | Villager (Male) |
| 9:44 | Build | Barracks |
| 9:59 | Research | Feudal Age |
| 10:49 | Create | Villager (Male) |
| 11:03 | Create | Militia |
| 11:03 | Create | Militia |
| 11:11 | Build | House |
| 11:41 | Create | Militia |
| 12:09 | Age | Feudal Age |
| 12:16 | Research | Man-at-Arms (upgrade) |
| 12:25 | Build | Blacksmith |
| 12:38 | Build | House |
| 12:41 | Create | Villager (Male) |
| 12:42 | Create | Villager (Male) |
| 12:45 | Research | Double-Bit Axe |
| 12:58 | Research | Horse Collar |
| 13:06 | Build | Mule Cart |
| 13:11 | Build | Farm |
| 13:12 | Build | Farm |
| 13:13 | Build | Farm |
| 13:29 | Create | Villager (Male) |
| 13:51 | Create | Villager (Male) |
| 14:40 | Create | Villager (Male) |
| 14:42 | Research | Forging |
| 14:53 | Build | Farm |
| 14:55 | Build | Farm |
| 15:10 | Create | Villager (Male) |
| 15:12 | Build | Mule Cart |
| 15:24 | Build | Farm |
| 15:25 | Build | Farm |
| 15:35 | Build | Farm |
| 15:44 | Create | Militia |
| 15:45 | Create | Militia |
| 16:09 | Create | Villager (Male) |
| 16:09 | Create | Villager (Male) |
| 16:42 | Create | Villager (Male) |
| 16:49 | Build | House |
| 16:49 | Build | House |
| 17:38 | Research | Scale Mail Armor |
| 17:42 | Build | Farm |
| 17:43 | Build | Farm |
| 17:44 | Build | Farm |
| 17:47 | Create | Villager (Male) |
| 18:24 | Research | Arson |
| 18:44 | Build | Barracks |
| 19:02 | Create | Militia |
| 19:02 | Create | Militia |
| 19:48 | Research | Long Swordsman (upgrade) |
| 20:55 | Create | Militia |
| 20:55 | Create | Militia |
| 22:09 | Create | Villager (Male) |
| 22:10 | Create | Villager (Male) |
| 23:05 | Research | Wheelbarrow |
| 23:42 | Build | Market |
| 23:44 | Build | Mule Cart |
| 24:10 | Create | Villager (Male) |
| 24:50 | Create | Villager (Male) |
| 24:50 | Create | Villager (Male) |
| 25:27 | Create | Militia |
| 25:27 | Create | Militia |
| 26:14 | Create | Villager (Male) |
| 26:54 | Create | Villager (Male) |
| 27:03 | Build | Mule Cart |
| 27:56 | Research | Castle Age |
| 27:57 | Research | Fletching |
| 28:36 | Research | Gold Mining |
| 28:44 | Build | Farm |
| 28:44 | Build | Farm |
| 29:15 | Build | Archery Range |
| 29:25 | Build | Archery Range |
| 29:29 | Research | Padded Archer Armor |
| 29:35 | Create | Militia |
| 29:35 | Create | Militia |
| 30:05 | Create | Militia |
| 30:05 | Create | Militia |
| 30:26 | Build | Farm |
| 30:36 | Age | Castle Age |
| 30:39 | Build | Castle |
| 30:45 | Research | Squires |
| 30:47 | Research | Gambesons |
| 31:15 | Build | Town Center |
| 31:22 | Create | Villager (Male) |
| 31:23 | Create | Villager (Male) |
| 31:24 | Build | Farm |
| 31:30 | Build | Farm |
| 31:31 | Build | Farm |
| 31:33 | Build | Farm |
| 31:35 | Build | Farm |
| 32:21 | Research | Two-Handed Swordsman (upgrade) |
| 32:28 | Create | Villager (Male) |
| 32:28 | Create | Villager (Male) |
| 32:36 | Build | Farm |
| 32:37 | Build | Farm |
| 32:42 | Build | Farm |
| 32:58 | Create | Villager (Male) |
| 32:59 | Create | Villager (Male) |
| 33:06 | Create | Villager (Male) |
| 33:07 | Create | Villager (Male) |
| 33:11 | Build | Farm |
| 33:13 | Build | Farm |
| 33:45 | Create | Villager (Male) |
| 33:53 | Build | Farm |
| 33:54 | Build | Farm |
| 34:18 | Create | Villager (Male) |
| 34:18 | Create | Villager (Male) |
| 34:37 | Create | Villager (Male) |
| 34:37 | Create | Villager (Male) |
| 34:39 | Research | Bow Saw |
| 35:56 | Research | Iron Casting |
| 36:53 | Create | Villager (Male) |
| 36:53 | Create | Villager (Male) |
| 37:07 | Build | Monastery |
| 37:12 | Create | Villager (Male) |
| 37:12 | Create | Villager (Male) |
| 37:30 | Research | Elite Skirmisher (upgrade) |
| 37:53 | Research | Heavy Plow |
| 38:15 | Build | Farm |
| 38:22 | Create | Villager (Male) |
| 38:31 | Create | Villager (Male) |
| 38:42 | Create | Villager (Male) |
| 39:12 | Research | Imperial Age |
| 39:28 | Research | Stone Mining |
| 39:42 | Create | Villager (Male) |
| 39:42 | Create | Villager (Male) |
| 39:45 | Build | Mule Cart |
Build order — SteppenWolf Zulaci
First 150 of 391 actions detected
| 0:04 | Build | House |
| 0:06 | Create | Villager (Male) |
| 0:07 | Create | Villager (Male) |
| 0:07 | Create | Villager (Male) |
| 0:07 | Create | Villager (Male) |
| 0:08 | Create | Villager (Male) |
| 1:53 | Create | Villager (Male) |
| 1:54 | Create | Villager (Male) |
| 2:10 | Create | Villager (Male) |
| 2:10 | Create | Villager (Male) |
| 2:22 | Create | Villager (Male) |
| 2:22 | Create | Villager (Male) |
| 2:59 | Create | Villager (Male) |
| 3:18 | Create | Villager (Male) |
| 3:40 | Build | Lumber Camp |
| 3:44 | Build | House |
| 3:49 | Create | Villager (Male) |
| 3:49 | Create | Villager (Male) |
| 4:06 | Create | Villager (Male) |
| 4:07 | Create | Villager (Male) |
| 4:15 | Build | Mill |
| 4:28 | Build | House |
| 4:36 | Create | Villager (Male) |
| 4:36 | Create | Villager (Male) |
| 5:28 | Create | Villager (Male) |
| 5:28 | Create | Villager (Male) |
| 5:29 | Create | Villager (Male) |
| 6:01 | Create | Villager (Male) |
| 6:01 | Create | Villager (Male) |
| 6:50 | Create | Villager (Male) |
| 6:50 | Create | Villager (Male) |
| 6:50 | Create | Villager (Male) |
| 6:51 | Create | Villager (Male) |
| 6:51 | Create | Villager (Male) |
| 7:16 | Create | Villager (Male) |
| 7:25 | Create | Villager (Male) |
| 7:25 | Create | Villager (Male) |
| 7:45 | Build | Mining Camp |
| 7:49 | Create | Villager (Male) |
| 7:49 | Create | Villager (Male) |
| 7:56 | Create | Villager (Male) |
| 7:56 | Create | Villager (Male) |
| 7:58 | Create | Villager (Male) |
| 8:17 | Build | Barracks |
| 8:25 | Build | House |
| 8:30 | Build | House |
| 9:10 | Create | Villager (Male) |
| 9:24 | Create | Villager (Male) |
| 9:27 | Build | Farm |
| 9:46 | Build | Farm |
| 10:17 | Research | Feudal Age |
| 10:44 | Create | Militia |
| 11:05 | Create | Militia |
| 11:31 | Build | Farm |
| 11:31 | Build | Farm |
| 11:31 | Build | Farm |
| 11:40 | Build | Farm |
| 11:43 | Create | Militia |
| 11:43 | Create | Militia |
| 11:51 | Build | Farm |
| 11:51 | Build | Farm |
| 11:52 | Build | Farm |
| 12:01 | Create | Militia |
| 12:18 | Build | Farm |
| 12:27 | Age | Feudal Age |
| 12:28 | Create | Militia |
| 12:33 | Research | Man-at-Arms (upgrade) |
| 12:46 | Create | Villager (Male) |
| 12:47 | Create | Villager (Male) |
| 13:07 | Create | Villager (Male) |
| 13:14 | Build | Palisade Wall |
| 13:18 | Build | Palisade Wall |
| 13:19 | Build | Palisade Wall |
| 13:25 | Create | Villager (Male) |
| 13:25 | Create | Villager (Male) |
| 13:58 | Build | Farm |
| 14:23 | Build | Blacksmith |
| 14:33 | Create | Villager (Male) |
| 14:33 | Create | Villager (Male) |
| 14:53 | Build | Palisade Wall |
| 15:06 | Build | Palisade Wall |
| 15:12 | Build | Palisade Wall |
| 15:16 | Create | Villager (Male) |
| 15:16 | Create | Villager (Male) |
| 15:23 | Build | House |
| 15:39 | Create | Villager (Male) ×5 |
| 15:52 | Create | Villager (Male) |
| 15:52 | Create | Villager (Male) |
| 16:22 | Build | Palisade Wall |
| 16:27 | Build | Palisade Wall |
| 16:38 | Build | Farm |
| 16:42 | Build | Farm |
| 16:50 | Build | Mining Camp |
| 16:57 | Build | Palisade Gate |
| 17:17 | Build | Farm |
| 17:25 | Build | Market |
| 17:39 | Research | Forging |
| 17:50 | Create | Villager (Male) |
| 18:04 | Create | Villager (Male) |
| 18:04 | Create | Villager (Male) |
| 18:09 | Build | Palisade Wall |
| 18:23 | Research | Castle Age |
| 18:23 | Research | Castle Age |
| 18:28 | Build | Farm |
| 18:36 | Build | Archery Range |
| 19:27 | Create | Villager (Male) ×5 |
| 19:36 | Build | House |
| 19:39 | Build | House |
| 19:41 | Build | Palisade Wall |
| 19:53 | Build | Farm |
| 20:16 | Research | Scale Mail Armor |
| 20:21 | Research | Gold Mining |
| 21:03 | Age | Castle Age |
| 21:13 | Build | Farm |
| 21:13 | Build | Farm |
| 21:27 | Build | Town Center |
| 21:31 | Build | Palisade Wall |
| 21:45 | Build | Palisade Wall |
| 21:46 | Build | Palisade Wall |
| 21:49 | Build | Palisade Wall |
| 21:53 | Build | Palisade Wall |
| 21:59 | Create | Villager (Male) ×5 |
| 22:23 | Create | Villager (Male) |
| 22:23 | Create | Villager (Male) |
| 22:23 | Create | Villager (Male) |
| 22:31 | Build | Farm |
| 22:31 | Build | Farm |
| 22:37 | Create | Villager (Male) |
| 22:37 | Create | Villager (Male) |
| 22:48 | Create | Villager (Male) |
| 22:49 | Create | Villager (Male) |
| 23:01 | Research | Stone Mining |
| 23:23 | Build | Siege Workshop |
| 23:26 | Build | House |
| 23:37 | Create | Villager (Male) |
| 23:37 | Create | Villager (Male) |
| 23:40 | Create | Villager (Male) |
| 23:40 | Create | Villager (Male) |
| 23:55 | Build | Palisade Wall |
| 24:19 | Build | Palisade Wall |
| 24:28 | Build | Farm |
| 24:34 | Build | Farm |
| 24:40 | Create | Mangonel |
| 24:40 | Create | Mangonel |
| 24:45 | Build | Farm |
| 24:58 | Build | Farm |
| 25:00 | Build | House |
| 25:07 | Build | House |
| 25:25 | Build | Palisade Gate |
| 25:50 | Create | Villager (Male) |
Build order — Odiseo
First 150 of 510 actions detected
| 0:02 | Build | House |
| 0:03 | Build | House |
| 0:19 | Create | Villager (Male) |
| 0:19 | Create | Villager (Male) |
| 0:22 | Create | Villager (Male) |
| 0:42 | Create | Villager (Male) |
| 0:42 | Create | Villager (Male) |
| 1:47 | Create | Villager (Male) |
| 1:47 | Create | Villager (Male) |
| 1:57 | Create | Villager (Male) |
| 1:58 | Create | Villager (Male) |
| 2:15 | Create | Villager (Male) |
| 2:16 | Create | Villager (Male) |
| 3:04 | Create | Villager (Male) |
| 3:04 | Create | Villager (Male) |
| 3:30 | Create | Villager (Male) |
| 3:54 | Build | Settlement |
| 3:56 | Create | Villager (Male) |
| 4:05 | Create | Villager (Male) |
| 4:18 | Build | Settlement |
| 4:20 | Create | Villager (Male) |
| 4:28 | Build | Settlement |
| 4:34 | Create | Villager (Male) |
| 4:34 | Create | Villager (Male) |
| 4:55 | Create | Villager (Male) |
| 5:23 | Create | Villager (Male) |
| 5:23 | Create | Villager (Male) |
| 5:24 | Create | Villager (Male) |
| 5:57 | Create | Villager (Male) |
| 6:13 | Create | Villager (Male) |
| 6:13 | Create | Villager (Male) |
| 6:32 | Create | Villager (Male) |
| 6:32 | Create | Villager (Male) |
| 6:50 | Create | Villager (Male) |
| 6:50 | Create | Villager (Male) |
| 7:14 | Create | Villager (Male) |
| 7:29 | Create | Villager (Male) |
| 7:40 | Create | Villager (Male) |
| 8:32 | Create | Villager (Male) |
| 8:44 | Build | Settlement |
| 8:50 | Create | Villager (Male) |
| 8:59 | Create | Villager (Male) |
| 9:14 | Create | Villager (Male) |
| 9:27 | Create | Villager (Male) |
| 9:37 | Research | Feudal Age |
| 9:42 | Research | Loom |
| 9:43 | Research | Feudal Age |
| 10:34 | Create | Villager (Male) |
| 10:34 | Create | Villager (Male) |
| 11:23 | Create | Villager (Male) |
| 11:23 | Create | Villager (Male) |
| 11:35 | Create | Villager (Male) |
| 11:53 | Create | Villager (Male) |
| 12:04 | Create | Villager (Male) |
| 12:19 | Build | Settlement |
| 12:30 | Age | Feudal Age |
| 12:43 | Build | Watch Tower |
| 13:01 | Build | Palisade Wall |
| 13:02 | Build | Palisade Gate |
| 13:48 | Build | Palisade Wall |
| 14:38 | Build | Watch Tower |
| 14:55 | Create | Villager (Male) |
| 14:56 | Research | Stone Mining |
| 15:00 | Research | Double-Bit Axe |
| 15:09 | Build | Settlement |
| 15:44 | Build | Barracks |
| 16:15 | Build | Archery Range |
| 16:23 | Create | Villager (Male) |
| 16:27 | Build | Farm |
| 16:28 | Build | Farm |
| 16:31 | Build | Farm |
| 16:32 | Build | Farm |
| 16:48 | Create | Archer |
| 16:48 | Create | Archer |
| 16:56 | Create | Villager (Male) |
| 17:41 | Build | Watch Tower |
| 17:52 | Create | Villager (Male) |
| 17:53 | Create | Villager (Male) |
| 18:04 | Build | Blacksmith |
| 18:21 | Create | Villager (Male) |
| 18:21 | Create | Villager (Male) |
| 18:24 | Research | Horse Collar |
| 18:27 | Research | Fletching |
| 18:29 | Create | Villager (Male) |
| 18:34 | Create | Archer |
| 18:35 | Create | Archer |
| 18:59 | Create | Villager (Male) |
| 19:02 | Research | Gold Mining |
| 19:18 | Build | Watch Tower |
| 19:25 | Create | Archer |
| 19:26 | Create | Villager (Male) |
| 19:33 | Build | House |
| 19:52 | Build | House |
| 20:16 | Create | Villager (Male) |
| 20:20 | Create | Archer |
| 20:20 | Create | Archer |
| 20:32 | Create | Villager (Male) |
| 20:40 | Build | Farm |
| 20:41 | Build | Farm |
| 20:41 | Build | Farm |
| 20:41 | Build | Farm |
| 20:42 | Build | Farm |
| 20:50 | Build | Farm |
| 20:52 | Create | Villager (Male) |
| 20:53 | Build | Farm |
| 20:58 | Create | Archer |
| 21:21 | Create | Villager (Male) |
| 21:23 | Build | Farm |
| 21:46 | Build | Settlement |
| 22:00 | Create | Villager (Male) |
| 22:04 | Create | Archer |
| 22:04 | Create | Archer |
| 22:19 | Build | Farm |
| 22:23 | Research | Town Watch |
| 22:25 | Build | Farm |
| 22:29 | Build | House |
| 22:30 | Build | House |
| 22:35 | Build | House |
| 22:42 | Build | Farm |
| 22:43 | Create | Villager (Male) |
| 22:43 | Create | Villager (Male) |
| 22:55 | Create | Villager (Male) |
| 22:56 | Create | Villager (Male) |
| 23:06 | Build | Watch Tower |
| 23:23 | Create | Villager (Male) |
| 23:25 | Create | Archer |
| 23:29 | Build | Farm |
| 23:29 | Build | Farm |
| 23:29 | Build | Farm |
| 23:29 | Build | Farm |
| 23:30 | Build | Farm |
| 23:38 | Build | Farm |
| 23:47 | Create | Villager (Male) |
| 23:50 | Build | Farm |
| 23:51 | Build | Farm |
| 23:53 | Create | Villager (Male) |
| 24:03 | Build | Watch Tower |
| 24:07 | Create | Villager (Male) |
| 24:21 | Create | Villager (Male) |
| 24:26 | Build | Farm |
| 24:38 | Create | Villager (Male) |
| 24:59 | Build | Watch Tower |
| 25:14 | Create | Villager (Male) |
| 25:14 | Create | Villager (Male) |
| 25:56 | Research | Castle Age |
| 26:00 | Research | Tech 1402 |
| 26:02 | Research | Forging |
| 26:10 | Build | Watch Tower |
| 26:27 | Create | Villager (Male) |
| 26:27 | Create | Villager (Male) |
Build order — Chasqui
First 150 of 240 actions detected
| 0:10 | Build | House |
| 0:12 | Create | Villager (Male) |
| 0:13 | Create | Villager (Male) |
| 0:46 | Create | Villager (Male) |
| 0:46 | Create | Villager (Male) |
| 1:52 | Research | Loom |
| 2:07 | Create | Villager (Male) |
| 2:46 | Build | House |
| 2:48 | Build | House |
| 2:53 | Create | Villager (Male) |
| 3:25 | Build | Mill |
| 3:34 | Create | Villager (Male) |
| 3:46 | Create | Villager (Male) |
| 4:13 | Create | Villager (Male) |
| 4:34 | Build | Lumber Camp |
| 4:42 | Create | Villager (Male) |
| 5:16 | Create | Villager (Male) |
| 5:46 | Create | Villager (Male) |
| 5:48 | Create | Villager (Male) |
| 5:50 | Create | Villager (Male) |
| 6:54 | Build | Mill |
| 7:01 | Create | Villager (Male) |
| 7:12 | Create | Villager (Male) |
| 7:47 | Create | Villager (Male) |
| 8:05 | Build | Mining Camp |
| 10:00 | Research | Feudal Age |
| 10:09 | Build | Mining Camp |
| 12:10 | Age | Feudal Age |
| 12:12 | Research | Wheelbarrow |
| 12:17 | Research | Double-Bit Axe |
| 12:25 | Research | Stone Mining |
| 12:30 | Research | Gold Mining |
| 12:35 | Research | Horse Collar |
| 13:37 | Build | Farm |
| 13:58 | Build | Farm |
| 14:02 | Build | Farm |
| 14:07 | Build | Farm |
| 14:18 | Create | Villager (Male) |
| 14:19 | Create | Villager (Male) |
| 14:19 | Create | Villager (Male) |
| 14:19 | Create | Villager (Male) |
| 14:29 | Build | House |
| 14:30 | Build | House |
| 14:31 | Build | House |
| 14:37 | Research | Town Watch |
| 14:49 | Create | Villager (Male) |
| 14:49 | Create | Villager (Male) |
| 14:50 | Create | Villager (Male) |
| 14:50 | Create | Villager (Male) |
| 15:26 | Build | Farm |
| 15:28 | Build | Farm |
| 15:29 | Build | Farm |
| 15:34 | Build | Farm |
| 15:53 | Build | Watch Tower |
| 16:15 | Build | Farm |
| 16:18 | Build | Farm |
| 16:52 | Build | Farm |
| 16:55 | Create | Villager (Male) |
| 16:55 | Create | Villager (Male) |
| 16:55 | Create | Villager (Male) |
| 17:39 | Build | Barracks |
| 19:02 | Build | Watch Tower |
| 19:15 | Create | Villager (Male) |
| 19:15 | Create | Villager (Male) |
| 19:15 | Create | Villager (Male) |
| 19:15 | Create | Villager (Male) |
| 19:35 | Build | Watch Tower |
| 20:18 | Build | Blacksmith |
| 20:53 | Build | Market |
| 21:11 | Build | Market |
| 21:20 | Research | Padded Archer Armor |
| 21:33 | Build | Archery Range |
| 21:41 | Research | Castle Age |
| 21:57 | Build | Watch Tower |
| 22:19 | Create | Archer |
| 22:45 | Research | Forging |
| 23:13 | Build | Watch Tower |
| 23:37 | Create | Archer |
| 24:02 | Research | Fletching |
| 24:21 | Age | Castle Age |
| 24:28 | Research | Hand Cart |
| 24:32 | Research | Bow Saw |
| 24:39 | Research | Heavy Plow |
| 24:45 | Research | Gold Shaft Mining |
| 25:02 | Build | Farm |
| 25:06 | Build | Farm |
| 25:11 | Build | Farm |
| 25:13 | Build | Farm |
| 25:15 | Build | Farm |
| 25:21 | Research | Stone Shaft Mining |
| 25:40 | Create | Archer |
| 25:53 | Build | House |
| 26:01 | Build | House |
| 26:29 | Create | Archer |
| 26:47 | Create | Villager (Male) |
| 26:47 | Create | Villager (Male) |
| 26:48 | Create | Villager (Male) |
| 27:08 | Build | House |
| 27:40 | Create | Archer |
| 27:40 | Create | Archer |
| 27:40 | Create | Archer |
| 27:41 | Create | Archer |
| 27:58 | Build | Archery Range |
| 28:17 | Build | Mining Camp |
| 28:41 | Create | Archer |
| 28:41 | Create | Archer |
| 29:14 | Build | University |
| 29:31 | Build | Mining Camp |
| 30:00 | Research | Thumb Ring |
| 30:17 | Build | House |
| 30:21 | Build | House |
| 30:36 | Research | Crossbowman (upgrade) |
| 30:49 | Create | Villager (Male) |
| 30:49 | Create | Villager (Male) |
| 31:00 | Research | Masonry |
| 31:22 | Build | Stable |
| 31:56 | Create | Villager (Male) |
| 31:57 | Create | Villager (Male) |
| 32:14 | Create | Trade Cart |
| 32:29 | Build | Siege Workshop |
| 32:51 | Create | Trade Cart |
| 33:29 | Build | Mining Camp |
| 33:34 | Research | Treadmill Crane |
| 33:40 | Research | Imperial Age |
| 33:51 | Research | Scale Mail Armor |
| 33:57 | Research | Scale Barding Armor |
| 34:13 | Create | Archer |
| 34:22 | Create | Archer |
| 34:22 | Create | Archer |
| 34:23 | Create | Archer |
| 34:43 | Research | Bodkin Arrow |
| 34:50 | Research | Husbandry |
| 35:15 | Create | Archer |
| 35:17 | Create | Archer |
| 35:17 | Create | Archer |
| 35:18 | Create | Archer |
| 35:28 | Create | Trade Cart |
| 35:41 | Research | Squires |
| 35:42 | Research | Pikeman (upgrade) |
| 35:49 | Research | Murder Holes |
| 36:12 | Research | Ballistics |
| 36:19 | Create | Trade Cart |
| 36:50 | Age | Imperial Age |
| 36:56 | Build | House |
| 36:58 | Build | House |
| 36:59 | Build | House |
| 37:01 | Build | House |
| 37:05 | Build | House |
| 37:07 | Build | House |
| 37:09 | Build | House |
Match timeline
| 6:50 | normanxavier454 · wall_segment Palisade Wall x5 |
| 8:17 | SteppenWolf Zulaci · first_building Barracks |
| 8:42 | Showcadit · first_building Barracks |
| 9:44 | DankMeme128 · first_building Barracks |
| 10:14 | normanxavier454 · wall_segment Palisade Wall x1 |
| 10:16 | normanxavier454 · wall_segment Palisade Wall x1 |
| 10:33 | Showcadit · age_up feudal |
| 10:40 | Showcadit · first_building Stable |
| 10:56 | normanxavier454 · wall_segment Palisade Wall x17 |
| 12:00 | normanxavier454 · age_up feudal |
| 12:09 | DankMeme128 · age_up feudal |
| 12:10 | Chasqui · age_up feudal |
| 12:27 | SteppenWolf Zulaci · age_up feudal |
| 12:30 | Odiseo · age_up feudal |
| 13:01 | Odiseo · wall_segment Palisade Wall x4 |
| 13:08 | normanxavier454 · wall_segment Palisade Wall x1 |
| 13:09 | normanxavier454 · wall_segment Palisade Wall x1 |
| 13:14 | SteppenWolf Zulaci · wall_segment Palisade Wall x8 |
| 13:18 | SteppenWolf Zulaci · wall_segment Palisade Wall x8 |
| 13:19 | SteppenWolf Zulaci · wall_segment Palisade Wall x1 |
| 13:48 | Odiseo · wall_segment Palisade Wall x2 |
| 14:53 | SteppenWolf Zulaci · wall_segment Palisade Wall x30 |
| 15:06 | SteppenWolf Zulaci · wall_segment Palisade Wall x11 |
| 15:12 | SteppenWolf Zulaci · wall_segment Palisade Wall x1 |
| 15:44 | Odiseo · first_building Barracks |
| 16:15 | Odiseo · first_building Archery Range |
| 16:22 | SteppenWolf Zulaci · wall_segment Palisade Wall x10 |
| 16:27 | SteppenWolf Zulaci · wall_segment Palisade Wall x18 |
| 17:07 | normanxavier454 · wall_segment Palisade Wall x1 |
| 17:09 | normanxavier454 · wall_segment Palisade Wall x1 |
| 17:39 | Chasqui · first_building Barracks |
| 18:09 | SteppenWolf Zulaci · wall_segment Palisade Wall x4 |
| 18:20 | SteppenWolf Zulaci · first_market_buy 100 food |
| 18:36 | SteppenWolf Zulaci · first_building Archery Range |
| 19:41 | SteppenWolf Zulaci · wall_segment Palisade Wall x5 |
| 20:57 | normanxavier454 · first_market_sell 500 wood |
| 21:03 | SteppenWolf Zulaci · age_up castle |
| 21:08 | normanxavier454 · first_market_buy 500 food |
| 21:31 | SteppenWolf Zulaci · wall_segment Palisade Wall x1 |
| 21:33 | Chasqui · first_building Archery Range |
| 21:44 | Showcadit · age_up castle |
| 21:45 | SteppenWolf Zulaci · wall_segment Palisade Wall x1 |
| 21:46 | SteppenWolf Zulaci · wall_segment Palisade Wall x4 |
| 21:49 | SteppenWolf Zulaci · wall_segment Palisade Wall x1 |
| 21:53 | SteppenWolf Zulaci · wall_segment Palisade Wall x1 |
| 22:06 | Showcadit · first_building Castle |
| 22:19 | Showcadit · wall_segment Stone Wall x16 |
| 23:23 | SteppenWolf Zulaci · first_building Siege Workshop |
| 23:55 | SteppenWolf Zulaci · wall_segment Palisade Wall x4 |
| 24:00 | Showcadit · wall_segment Stone Wall x3 |
| 24:07 | Showcadit · wall_segment Stone Wall x3 |
| 24:08 | Showcadit · wall_segment Stone Wall x1 |
| 24:19 | SteppenWolf Zulaci · wall_segment Palisade Wall x11 |
| 24:21 | Chasqui · age_up castle |
| 24:41 | normanxavier454 · age_up castle |
| 25:03 | normanxavier454 · first_building Castle |
| 25:11 | normanxavier454 · first_building Siege Workshop |
| 26:57 | DankMeme128 · first_market_sell 100 wood |
| 27:25 | SteppenWolf Zulaci · first_building Castle |
| 27:53 | DankMeme128 · first_market_buy 100 food |
| 28:06 | SteppenWolf Zulaci · first_building Stable |
| 28:36 | Odiseo · age_up castle |
| 29:11 | Odiseo · first_building Castle |
| 29:15 | DankMeme128 · first_building Archery Range |
| 30:36 | DankMeme128 · age_up castle |
| 30:39 | DankMeme128 · first_building Castle |
| 30:41 | Odiseo · first_building Siege Workshop |
| 30:48 | normanxavier454 · wall_segment Palisade Wall x9 |
| 30:49 | Showcadit · tribute_sent a jugador 2 |
| 30:49 | Showcadit · tribute_sent a jugador 3 |
| 30:49 | Showcadit · tribute_sent a jugador 4 |
| 30:49 | Showcadit · tribute_sent a jugador 5 |
| 30:49 | Showcadit · tribute_sent a jugador 6 |
| 30:57 | SteppenWolf Zulaci · wall_segment Stone Wall x10 |
| 31:03 | SteppenWolf Zulaci · wall_segment Stone Wall x7 |
| 31:22 | Chasqui · first_building Stable |
| 32:29 | Chasqui · first_building Siege Workshop |
| 32:53 | DankMeme128 · tribute_sent a jugador 1 |
| 32:53 | DankMeme128 · tribute_sent a jugador 3 |
| 32:53 | DankMeme128 · tribute_sent a jugador 4 |
| 32:53 | DankMeme128 · tribute_sent a jugador 5 |
| 32:53 | DankMeme128 · tribute_sent a jugador 6 |
| 35:30 | Showcadit · first_building Monastery |
| 35:58 | SteppenWolf Zulaci · first_market_sell 500 wood |
| 36:50 | Chasqui · age_up imperial |
| 37:05 | Showcadit · tribute_sent a jugador 2 |
| 37:05 | Showcadit · tribute_sent a jugador 3 |
| 37:05 | Showcadit · tribute_sent a jugador 4 |
| 37:05 | Showcadit · tribute_sent a jugador 5 |
| 37:05 | Showcadit · tribute_sent a jugador 6 |
| 37:07 | DankMeme128 · first_building Monastery |
| 37:09 | SteppenWolf Zulaci · tribute_sent a jugador 1 |
| 37:09 | SteppenWolf Zulaci · tribute_sent a jugador 2 |
| 37:09 | SteppenWolf Zulaci · tribute_sent a jugador 4 |
| 37:09 | SteppenWolf Zulaci · tribute_sent a jugador 5 |
| 37:09 | SteppenWolf Zulaci · tribute_sent a jugador 6 |
| 37:30 | Odiseo · wall_segment Stone Wall x12 |
| 37:50 | Odiseo · age_up imperial |
| 38:10 | Chasqui · first_building Castle |
| 38:39 | Odiseo · wall_segment Stone Wall x4 |
| 39:06 | normanxavier454 · first_building Barracks |
| 39:07 | Odiseo · first_building Monastery |
| 39:37 | Showcadit · age_up imperial |
| 39:40 | DankMeme128 · tribute_sent a jugador 1 |
| 39:40 | DankMeme128 · tribute_sent a jugador 3 |
| 39:40 | DankMeme128 · tribute_sent a jugador 4 |
| 39:40 | DankMeme128 · tribute_sent a jugador 5 |
| 39:40 | DankMeme128 · tribute_sent a jugador 6 |
| 40:35 | normanxavier454 · age_up imperial |
| 40:44 | SteppenWolf Zulaci · age_up imperial |
| 41:00 | DankMeme128 · tribute_sent a jugador 1 |
| 41:00 | DankMeme128 · tribute_sent a jugador 3 |
| 41:00 | DankMeme128 · tribute_sent a jugador 4 |
| 41:00 | DankMeme128 · tribute_sent a jugador 5 |
| 41:00 | DankMeme128 · tribute_sent a jugador 6 |
| 41:44 | Odiseo · wall_segment Palisade Wall x4 |
| 42:22 | DankMeme128 · age_up imperial |
| 42:42 | Odiseo · wall_segment Stone Wall x4 |
| 42:44 | Odiseo · wall_segment Stone Wall x1 |
| 48:44 | DankMeme128 · first_building Siege Workshop |
| 49:46 | normanxavier454 · first_building Monastery |
| 50:32 | Odiseo · wall_segment Stone Wall x4 |
| 50:37 | Odiseo · wall_segment Stone Wall x1 |
| 53:29 | normanxavier454 · first_building Archery Range |
| 54:22 | Odiseo · wall_segment Stone Wall x8 |
| 54:25 | Odiseo · wall_segment Stone Wall x1 |
| 54:42 | normanxavier454 · first_building Stable |
| 56:35 | DankMeme128 · resign |
[ AI ANALYSIS · 1 CREDIT ]
What really happened in this match?
Wolo.gg analyzes every decision: build order, eco, micro, common mistakes by bracket. Personalized analysis on WhatsApp or Discord in 30 seconds.
Civ guide
Cumans
Map guide
MegaRandom
Perfil
Jugador #834821